 Dungeon Crawl Stone Soup version 0.21-a0-221-gfe971b9 (webtiles) character file.

169 Stormphoenix the Ruffian (level 5, -4/50 HPs)
             Began as a Troll Monk on Aug 25, 2017.
             Was a Believer of Qazlal.
             Slain by an orc warrior
             ... wielding a +0 war axe
              (23 damage)
             ... on level 3 of the Dungeon.
             The game lasted 00:06:56 (1821 turns).

Stormphoenix the Ruffian (Troll Monk)               Turns: 1821, Time: 00:06:57

Health: -4/50      AC:  5    Str: 20    XL:     5   Next: 25%
Magic:  4/4        EV: 10    Int:  6    God:    Qazlal [**....]
Gold:   64         SH:  3    Dex: 12    Spells: 4/4 levels left

rFire    . . .     SeeInvis .     - Unarmed
rCold    . . .     Gourm    +   (no shield)
rNeg     . . .     Faith    .   a - +0 robe
rPois    .         Spirit   .   (helmet restricted)
rElec    .         Reflect  .   (no cloak)
rCorr    .         Harm     .   (gloves unavailable)
MR       .....                  (boots unavailable)
Stlth    +.........             (no amulet)
HPRegen  0.56/turn              (no ring)
MPRegen  0.09/turn              (no ring)

@: no status effects
A: unfitting armour, claws 3, fast metabolism 3, gourmand, regeneration 1,
shaggy fur 1, tough skin 2
a: Upheaval, Renounce Religion


You were on level 3 of the Dungeon.
You worshipped Qazlal.
Qazlal was pleased with you.
You were completely stuffed.

You visited 1 branch of the dungeon, and saw 3 of its levels.

You collected 64 gold pieces.

Inventory:

Armour
 a - a +0 robe (worn)
Scrolls
 d - a scroll of identify
 e - a scroll of enchant weapon
Potions
 c - a potion of curing
Comestibles
 b - 3 bread rations
 f - 2 meat rations
 g - a royal jelly


   Skills:
 - Level 2.4 Fighting
 - Level 2.4 Dodging
 - Level 1.0 Stealth
 + Level 6.0 Unarmed Combat


You had 4 spell levels left.
You didn't know any spells.

Dungeon Overview and Level Annotations

Branches:
Dungeon (3/15)

Altars:
Dithmenos
Nemelex Xobeh
Qazlal
Wu Jian


Innate Abilities, Weirdness & Mutations

You are too large for most types of armour.
You have claws for hands.
Your metabolism is lightning-fast.
You like to eat raw meat.
Your natural rate of healing is unusually fast.
You are covered in fur. (AC +1)
You have very tough skin. (AC +2)


Message History

You claw the orc wizard!
The orc wizard is almost dead.
The orc wizard hits you with a dagger.
You mangle the orc wizard!!
You kill the orc wizard!
Qazlal accepts your kill.
Your Unarmed Combat skill increases to level 6!
You scratch the orc warrior.
The orc warrior is lightly wounded.
The orc warrior hits you with a war axe!
You scratch the orc warrior but do no damage.
The orc warrior is lightly wounded.
The orc warrior hits you with a war axe!
You closely miss the orc warrior.
The orc warrior is lightly wounded.
A bat comes into view.
You claw the orc warrior!
The orc warrior is heavily wounded.
The orc warrior hits you with a war axe!!
You die...

#.## #..#
#.# #..#
#.# #..#
#.# #..#
#.# #).#
#.# #..###
#.# #....#
#.# #.##.#
#.# #@# .#
#.# #o# #
#.# #o#
########.#
#l#
.........#
#.#
##########
#b# ..#
#.# #.#
... #.#


You could see an orc warrior, an orc priest, a bat and a frilled lizard.

Vanquished Creatures
  2 orc wizards (D:3)
  An orc priest (D:3)
  2 adders (D:3)
  5 worms
  A dart slug (D:3)
  2 leopard geckos
  3 orcs (D:3)
  4 giant cockroaches
  8 goblins
  6 hobgoblins
  3 jackals (D:2)
  3 kobolds
  5 bats
  2 rats
47 creatures vanquished.

Notes
Turn   | Place    | Note
-------+----------+-------------------------------------------
     0 | D:1      | Stormphoenix the Troll Monk began the quest for the Orb.
     0 | D:1      | Reached XP level 1. HP: 22/22 MP: 0/0
   339 | D:1      | Reached XP level 2. HP: 29/29 MP: 1/1
   916 | D:2      | Reached skill level 4 in Unarmed Combat
  1032 | D:2      | Reached XP level 3. HP: 36/36 MP: 2/2
  1462 | D:3      | Found an ornate altar of the Wu Jian Council.
  1464 | D:3      | Found a sparkling altar of Nemelex Xobeh.
  1474 | D:3      | Found a stormy altar of Qazlal.
  1488 | D:3      | Became a worshipper of Qazlal Stormbringer
  1488 | D:3      | Reached * piety under Qazlal
  1488 | D:3      | Reached ** piety under Qazlal
  1597 | D:3      | Reached XP level 4. HP: 41/44 MP: 3/3
  1607 | D:3      | Found a shadowy altar of Dithmenos.
  1644 | D:3      | Reached skill level 5 in Unarmed Combat
  1754 | D:3      | Reached XP level 5. HP: 50/50 MP: 4/4
  1812 | D:3      | Noticed an orc warrior
  1817 | D:3      | Reached skill level 6 in Unarmed Combat
  1821 | D:3      | Slain by an orc warrior

Vault maps used:
D:1:      minmay_arrival_checkered_box
D:3:      nicolae_dithmenos_shadow_blocks, minitemple, tgw_xom

Skill      XL: |  1  2  3  4  5 |
---------------+----------------+-----
Unarmed Combat | 4 5 6 |  6.0
Fighting       | |  2.4
Dodging        | |  2.4
Stealth        | |  1.0

Action                   |  1- 3 |  4- 6 || total
-------------------------+-------+-------++-------
Melee: Unarmed           |    91 |    42 ||   133
       Punch             |       |     3 ||     3
  Use: Scroll            |     7 |       ||     7
       Potion            |     3 |       ||     3
 Stab: Sleeping          |     1 |       ||     1
  Eat: Chunk             |    20 |     2 ||    22
Armor: Robe              |    32 |     7 ||    39
Dodge: Dodged            |    44 |    11 ||    55
Block: Other             |       |     2 ||     2

Table legend:
 A = Spawn XP
 B = Non-spawn XP
 C = Spawn XP percentage of total XP
 D = Spawn monster count
 E = Non-spawn monster count
 F = Spawn count percentage of total count
 G = Total turns spent on level
                    A         B        C        D         E        F      G
               +---------+---------+-------+---------+---------+-------+---------
         Total |      18 |     224 |   7.4 |       3 |      44 |   6.4 |  1821
               +---------+---------+-------+---------+---------+-------+---------
           D:1 |       2 |      18 |  10.0 |       1 |      11 |   8.3 |   777
           D:2 |       3 |      39 |   7.1 |       1 |      15 |   6.2 |   672
           D:3 |      13 |     167 |   7.2 |       1 |      18 |   5.3 |   372
               +---------+---------+-------+---------+---------+-------+---------
